cohdb
Replays
Latest Replays
All Replays
Popular Replays
Top Player Replays
Match Explorer
How It Works
Community
CoH3 Stats
Reddit
Sign in to upload your games and track your stats! →
Sign in with Steam
Match 20269257
Unlisted
Match 20269257
Overview
Messages
Build Orders
End
Kradschützen Motorcycle Team
Panzergrenadier Squad
Panzergrenadier Squad
Construct Light Support Kompanie
Panzerjäger Squad
Selects Italian Combined Arms Battlegroup
Selects Bersaglieri Squad
Selects Vehicle Support - Secure Location
Fire Support Elements
Assault Mechanized Group
Flakvierling Half-track
2.5-tonne Medical Truck
Selects Vehicle Support - Force Recon
Construct Mechanized Kompanie
ibraheem0Alpha (MHR)
ABU_IBA{MHR}
SneaKerz
gb_gbg
0
0
Comments
sign in to comment!
No comments posted yet!